 Dungeon Crawl Stone Soup version 0.30-a0-1074-g5db6f66fbb (webtiles) character file.

Game seed: 1273681792605764423

2644 Zeldest the Digger (level 9, -1/40 HPs)
             Began as a Spriggan Hexslinger on Apr 13, 2023.
             Was a Believer of Vehumet.
             Slain by a killer bee (5 damage)
             ... on level 9 of the Dungeon.
             The game lasted 00:20:19 (6872 turns).

Zeldest the Digger (Spriggan Hexslinger)            Turns: 6872, Time: 00:20:20

Health: -1/40      AC: -1    Str:  6    XL:     9   Next: 35%
Magic:  19/19      EV: 19    Int: 19    God:    Vehumet [**....]
Gold:   492        SH:  0    Dex: 21    Spells: 15/20 levels left

rFire   + . .      SeeInvis +    x - +0 mace of the Coin {heavy, rElec rF+}
rCold   . . .      Faith    .    (no shield)
rNeg    . . .      Spirit   .    c - +0 robe
rPois   .          Reflect  .    (helmet restricted)
rElec   +          Rampage  .    q - +0 cloak
rCorr   .                        (gloves unavailable)
Will    +....                    (boots unavailable)
Stlth   +                        t - amulet of magic regeneration
HPRegen 0.26/turn                j - +6 ring of dexterity
MPRegen 0.56/turn                (no ring)

@: silenced, corroded, very quick
A: very small, no large weapons, unfitting armour, see invisible, speed 3
a: Renounce Religion


You were on level 9 of the Dungeon.
You worshipped Vehumet.
Vehumet was pleased with you.
You visited 1 branch of the dungeon, and saw 9 of its levels.

You collected 492 gold pieces.

Inventory:

Hand Weapons
 a - a +1 sling
 x - the +0 mace of the Coin (weapon) {heavy, rElec rF+}
   (You found it on level 5 of the Dungeon)

   rF:        It protects you from fire.
   rElec:     It insulates you from electricity.
 E - a +2 dagger of venom
Missiles
 y - 6 curare-tipped darts
Armour
 c - a +0 robe (worn)
 l - an orb of energy
 q - a +0 cloak (worn)
Magical Staves
 J - a staff of air
Jewellery
 d - a ring of ice
 j - a +6 ring of dexterity (left hand)
 t - an amulet of magic regeneration (around neck)
 G - a ring of positive energy
Wands
 p - a wand of digging (6)
 v - a wand of paralysis (4)
 B - a wand of iceblast (10)
 H - a wand of quicksilver (1)
Scrolls
 b - a scroll of poison
 e - 2 scrolls of enchant weapon
 h - 8 scrolls of teleportation
 i - 2 scrolls of magic mapping {unknown}
 n - 5 scrolls of identify {unknown}
 o - 2 scrolls of fog {unknown}
 u - 2 scrolls of blinking {unknown}
 A - a scroll of vulnerability {unknown}
 C - a scroll of torment {unknown}
 F - a scroll of fear {unknown}
Potions
 g - 2 potions of magic {unknown}
 k - 4 potions of curing {unknown}
 m - a potion of might {unknown}
 r - 3 potions of brilliance {unknown}
 s - a potion of lignification {unknown}
 w - 4 potions of haste {unknown}
 z - a potion of flight {unknown}
 D - a potion of mutation {unknown}
 I - 2 potions of degeneration {unknown}
 K - a potion of attraction {unknown}


   Skills:
 - Level 0.7 Fighting
 - Level 3.1 Ranged Weapons
 - Level 4.1 Dodging
 + Level 6.4 Spellcasting
 * Level 5.7 Conjurations
 - Level 4.7 Hexes
 * Level 6.9 Earth Magic


You had 15 spell levels left.
You knew the following spells:

 Your Spells              Type           Power      Damage    Failure   Level
a - Sandblast             Erth           64%        2d14      1%          1
b - Slow                  Hex            96%        N/A       1%          1
c - Stone Arrow           Conj/Erth      60%        3d10      2%          3

Your spell library contained the following spells:

 Spells                   Type           Power      Damage    Failure   Level
 Shock                    Conj/Air       64%        1d7       3%          1
 Beastly Appendage        Tmut           12%        N/A       11%         1
 Inner Flame              Hex/Fire       15%        N/A       12%         3
 Portal Projectile        Hex/Tloc       30%        N/A       12%         3
 Wereblood                Tmut           6%         N/A       16%         2
 Cause Fear               Hex            12%        N/A       16%         4
 Animate Armour           Summ/Erth      38%        N/A       26%         4
 Ignite Poison            Fire/Tmut/Pois 6%         N/A       32%         3
 Spider Form              Tmut/Pois      6%         N/A       32%         3
 Vhi's Electric Charge    Tloc/Air       12%        N/A       32%         3
 Sticky Flame             Conj/Fire      16%        2d4       32%         4
 Arcjolt                  Conj/Air       8%         1d18      67%         5
 Iron Shot                Conj/Erth      15%        9d4       77%         6
 Blade Hands              Tmut           3%         N/A       96%         5
 Plasma Beam              Fire/Air       3%         2x1d14    100%        6
 Ignition                 Fire           3%         3d4       100%        8
 Lehudib's Crystal Spear  Conj/Erth      15%        10d5      100%        8


Dungeon Overview and Level Annotations

Branches:
Dungeon (9/15) Zot: 26690  Temple (0/1) D:4
   Lair: D:8-11         Orc: D:9-12

Altars:
Ashenzari
Cheibriados
Fedhas
Gozag
Hepliaklqana
Okawaru
Qazlal
Ru
Sif Muna
Trog
Uskayaw
Vehumet
Wu Jian
Xom
The Shining One

Shops:
D:5 (   D:6 *

Annotations:
D:4 3 runed translucent doors, CowFu's ghost, novice HOFi; Ijyb


Innate Abilities, Weirdness & Mutations

You are very small and have problems with some larger weapons.
You are too small for most types of armour.
You have supernaturally acute eyesight. (SInv)
You cover ground extremely quickly. (Speed+++)


Message History

Aiming: Paralyse
Press: ? - help, Shift-Dir - straight line, f/p - acid dragon
Aim: an acid dragon (catching its breath, chance to affect: 49%)
The acid dragon resists with some effort.
The acid dragon bites you!
* * * LOW HITPOINT WARNING * * *
The acid dragon closely misses you.
A killer bee comes into view.
Okay, then.
Aiming: Paralyse
Press: ? - help, Shift-Dir - straight line, f/p - acid dragon
Aim: an acid dragon (catching its breath, chance to affect: 49%)
The acid dragon resists with some effort.
A killer bee comes into view.
The acid dragon barely misses you. The acid dragon claws you.
* * * LOW HITPOINT WARNING * * *
Okay, then.
Okay, then.
Okay, then.
As you read the scroll labelled HUEGHYANWE, it crumbles to dust.
It is a scroll of enchant weapon.
Your +1 dagger of venom glows red for a moment.
The acid dragon spits acid at you. The splash of acid misses you.
You hear an angry buzzing noise.
As you read the scroll labelled JAEMIRIKUW, it crumbles to dust.
A profound silence engulfs you.
It was a scroll of silence.
The acid dragon closely misses you. The acid dragon claws you.
* * * LOW HITPOINT WARNING * * *
A killer bee comes into view.
Aiming: Iceblast
Press: ? - help, Shift-Dir - straight line, f/p - acid dragon
Aim: an acid dragon The mass of ice explodes!
The iceblast engulfs the killer bee!
The killer bee is almost dead.
The iceblast engulfs the killer bee!
You kill the killer bee!
Vehumet accepts your kill. The killer bee stings you.
You die...

......#......#......#
^.....###+####......#
........... .......#
........### ##..... ........#
#.. ........# #.. ........#
#.############ ........#
#.#........... ........####
#@#.<.........
...........#####y#...........
.................###.........
...................#.........
................D..#........!
........######.....#.........
..####### #...y.#......... ..
#.....#'#..D....
####....#.......


You could see an acid dragon (unsilenced) and 2 killer bees.

Vanquished Creatures
  A hornet (D:9)
  6 yaks (D:8)
  A water moccasin (D:8)
  2 sky beasts
  3 ogres
  A black bear (D:7)
  A kobold brigand (D:7)
  A bullfrog (D:6)
  A scorpion (D:5)
  A killer bee (D:9)
  2 howler monkeys
  3 jellies
  2 orc priests (D:5)
  2 hounds (D:5)
  An iron imp (D:7)
  2 sleepcaps
  3 iguanas
  Natasha (D:2)
  4 orc wizards
  Robin (D:2)
  7 adders
  2 shadow imps (D:6)
  An ufetubus (D:5)
  2 dart slugs (D:1)
  27 orcs
  6 endoplasms
  8 giant cockroaches
  12 goblins
  2 hobgoblins
  5 jackals
  5 quokkas
  5 ball pythons
  7 bats
  3 frilled lizards
  13 kobolds
  3 rats
147 creatures vanquished.

Vanquished Creatures (others)
  7 plants (D:6)
7 creatures vanquished.

Grand Total: 154 creatures vanquished

Notes
Turn   | Place    | Note
-------+----------+-------------------------------------------
     0 | D:1      | Zeldest the Spriggan Hexslinger began the quest for the
                  | Orb.
     0 | D:1      | Reached XP level 1. HP: 9/9 MP: 3/3
   268 | D:1      | Reached XP level 2. HP: 14/14 MP: 5/5
   969 | D:2      | Reached XP level 3. HP: 17/17 MP: 6/6
  1042 | D:2      | Noticed Robin
  1084 | D:2      | Killed Robin
  1106 | D:2      | Reached XP level 4. HP: 21/21 MP: 7/7
  1244 | D:2      | Noticed Natasha
  1655 | D:2      | Killed Natasha
  1946 | D:3      | Reached skill level 1 in Earth Magic
  2097 | D:3      | Found a radiant altar of Vehumet.
  2126 | D:3      | Learned a level 3 spell: Stone Arrow
  2196 | D:3      | Identified the +12 chain mail "Nacunn" {rElec}
  2248 | D:3      | Became a worshipper of Vehumet
  2266 | D:4      | Found a runed translucent gate.
  2266 | D:4      | Found a runed translucent gate.
  2266 | D:4      | Found a runed translucent gate.
  2270 | D:4      | Noticed CowFu's ghost (novice HOFi)
  2281 | D:4      | Found a blossoming altar of Fedhas.
  2305 | D:4      | Reached XP level 5. HP: 25/25 MP: 8/8
  2381 | D:4      | Found a shimmering blue altar of Sif Muna.
  2390 | D:4      | Reached skill level 1 in Conjurations
  2463 | D:4      | Found a staircase to the Ecumenical Temple.
  2475 | D:4      | Noticed Ijyb
  2595 | D:4      | Found a hazy altar of Hepliaklqana.
  2866 | D:5      | Entered Level 5 of the Dungeon
  2909 | D:5      | Noticed an ogre
  2954 | D:5      | Killed an ogre
  2955 | D:5      | Reached XP level 6. HP: 29/29 MP: 3/11
  3161 | D:5      | Reached * piety under Vehumet
  3161 | D:5      | Offered knowledge of Sandblast by Vehumet.
  3221 | D:5      | Found an ornate altar of the Wu Jian Council.
  3261 | D:5      | Identified the +0 mace of the Coin {heavy, rElec rF+}
  3284 | D:5      | Found Olu Jumi's Antique Weapon Shoppe.
  3350 | D:5      | Reached XP level 7. HP: 32/32 MP: 6/13
  3723 | D:5      | Found a hide-covered altar of Uskayaw.
  3922 | D:6      | Learned a level 1 spell: Sandblast
  4212 | D:6      | Found an opulent altar of Gozag.
  4216 | D:6      | Found Gozag's Platinum Reserve.
  4374 | D:6      | Found a shimmering altar of Xom.
  4409 | D:6      | Found a stormy altar of Qazlal.
  4738 | D:6      | Found a bloodstained altar of Trog.
  5031 | D:7      | Reached XP level 8. HP: 37/37 MP: 6/15
  5233 | D:7      | Found a snail-covered altar of Cheibriados.
  5346 | D:7      | Reached skill level 5 in Earth Magic
  5348 | D:7      | Reached ** piety under Vehumet
  5348 | D:7      | Offered knowledge of Shock by Vehumet.
  5349 | D:7      | Reached skill level 5 in Spellcasting
  5442 | D:7      | Found a glowing golden altar of the Shining One.
  5634 | D:8      | Found a broken altar of Ashenzari.
  5780 | D:8      | Found an iron altar of Okawaru.
  5895 | D:8      | Reached skill level 5 in Conjurations
  5897 | D:8      | Reached XP level 9. HP: 40/40 MP: 6/19
  6121 | D:8      | Found a sacrificial altar of Ru.
  6863 | D:9      | HP: 2/40 [acid dragon (4)]
  6872 | D:9      | Slain by a killer bee

Illustrated notes

Levels and vault maps discovered:
D:1:      lemuel_arrival_river_bridge, layout_basic, minmay_pentomino_p2
D:2:      layout_loops_ring, kennysheep_flooded_box, kennysheep_another_room,
          minmay_worlds_worst_comb, uniq_robin, uniq_natasha
D:3:      layout_basic, nicolae_vehumet_radiance
D:4:      wad_lake_hut, layout_basic, led_sif_book, mainiacjoe_overflow_catwalk,
          pf_just_have_faith, gammafunk_ghost_necromancy, uniq_ijyb
D:5:      layout_gridville, mainiacjoe_overflow_swirl, serial_shops,
          shop_statue, hangedman_abyss_or_decor_stabs
D:6:      layout_basic, nicolae_gozag_zags_fifth_avenue, kennysheep_mini,
          mainiacjoe_overflow_24_doors, xom_teletrap_fun, serial_bayou_lagoon_a
D:7:      layout_loops_ring, slow_altar_2, nicolae_tso_swordbearing_angel
D:8:      layout_basic, nicolae_overflow_crystal_walls, kennysheep_mini_moat,
          evilmike_ruin_ashenzari, lightli_orcish_oven
D:9:      layout_irregular_city

Skill      XL: |  1  2  3  4  5  6  7  8 |
---------------+-------------------------+-----
Dodging        | 3 4 |  4.1
Hexes          | 4 |  4.7
Ranged Weapons | 3 |  3.1
Earth Magic    | 1 2 3 4 6 |  6.9
Spellcasting   | 2 3 4 6 |  6.4
Conjurations   | 1 2 3 5 |  5.7
Fighting       | |  0.7

Action                     |  1- 3 |  4- 6 |  7- 9 || total
---------------------------+-------+-------+-------++-------
   Fire: Sling             |   114 |   178 |       ||   292
   Cast: Slow              |     1 |    10 |     2 ||    13
         Stone Arrow       |       |    13 |    97 ||   110
         Sandblast         |       |       |    17 ||    17
  Evoke: Wand              |       |     1 |    10 ||    11
    Use: Scroll            |       |       |     3 ||     3
 Armour: Robe              |     3 |     6 |     1 ||    10
  Dodge: Dodged            |    35 |    65 |    17 ||   117

Table legend: (Time is in decaauts)
 A = Elapsed time spent in this place.
 B = Non-inter-level travel time spent in this place.
 C = Inter-level travel time spent in this place.
 D = Time resting spent in this place.
 E = Time spent auto-exploring this place.
 F = Levels seen in this place.
 G = Mean time per level.
                   A        B        C        D        E       F      G
               +--------+--------+--------+--------+--------+-----+--------+
         Total |   4845 |   4574 |    271 |    822 |   2626 |   9 |  538.3 |
       Dungeon |   4845 |   4574 |    271 |    822 |   2626 |   9 |  538.3 |
               +--------+--------+--------+--------+--------+-----+--------+

Top non-repeatable levels by time:
     D:8: 841 daAuts
     D:1: 700 daAuts
     D:6: 673 daAuts
     D:5: 673 daAuts
     D:7: 561 daAuts
     D:2: 536 daAuts
     D:3: 395 daAuts
     D:4: 379 daAuts
     D:9: 84 daAuts
